 Dungeon Crawl Stone Soup version 0.20.1-1-g8b1a95d66d (webtiles) character file.

50 yafkata the Skirmisher (level 3, 0/33 HPs)
             Began as a Hill Orc Fighter on Nov 20, 2017.
             Slain by an orc
             ... wielding a +0 mace
              (5 damage)
             ... on level 3 of the Dungeon.
             The game lasted 00:10:02 (1652 turns).

yafkata the Skirmisher (Hill Orc Fighter)           Turns: 1652, Time: 00:10:03

Health: 0/33       AC:  5    Str: 23 (24) XL:     3   Next: 79%
Magic:  3/3        EV:  8    Int: 12 (14) God:
Gold:   52         SH:  9    Dex:  7 (10) Spells: 2/2 levels left

rFire    . . .     SeeInvis .   a - +0 war axe
rCold    . . .     Gourm    .   c - +0 shield
rNeg     . . .     Faith    .   u - +0 ring mail
rPois    .         Spirit   .   (no helmet)
rElec    .         Reflect  .   (no cloak)
rCorr    .         Harm     .   (no gloves)
MR       .....                  (no boots)
Stlth    ..........             (no amulet)
Regen    0.2/turn               C - +6 ring of intelligence
MPRegen  0.1/turn               (no ring)

@: mighty, slowed, very slow
A: no striking features
a: no special abilities


You were on level 3 of the Dungeon.
You were not hungry.

You visited 1 branch of the dungeon, and saw 3 of its levels.

You collected 52 gold pieces.

Inventory:

Hand Weapons
 a - a +0 war axe (weapon)
 e - a +0 club
 g - a +0 whip
 h - a +0 mace
 i - a +0 short sword
 o - a +0 club
 p - a +0 whip
 q - a +0 mace
 s - a +0 dagger
 v - a +0 spear
 w - a +0 short sword
 x - a +0 club
 D - a +0 spear
 F - a +0 trident
Missiles
 j - 27 stones (quivered)
 n - 19 poisoned needles
 E - 23 bolts
Armour
 b - a +0 scale mail
 c - a +0 shield (worn)
 m - a +0 robe
 r - a cursed +0 robe
 u - a +0 ring mail (worn)
 y - a +0 robe
Jewellery
 C - a +6 ring of intelligence (left hand)
Scrolls
 k - a scroll of recharging
 l - 2 scrolls of identify
 t - 2 scrolls of magic mapping
 z - a scroll of remove curse
Comestibles
 f - a bread ration
 B - a meat ration
 G - a royal jelly


   Skills:
 + Level 4.1 Fighting
 + Level 3.4 Axes
 + Level 3.8 Armour
 + Level 0.8 Dodging
 + Level 3.5 Shields


You had 2 spell levels left.
You didn't know any spells.

Dungeon Overview and Level Annotations

Branches:
Dungeon (2/15)

Altars:


Message History

You block the bat's attack. The kobold barely misses you.
The orc closely misses you. The rat barely misses you.
The orc wizard mumbles some strange words.
The orc wizard blinks!
A worm comes into view.
You block the bat's attack. You block the kobold's attack.
The rat bites you but does no damage.
The orc hits you from afar with a trident.
* * * LOW HITPOINT WARNING * * *
The bat completely misses you. The orc hits you but does no damage.
The bat hits you but does no damage. The bat hits you but does no damage.
The orc wizard gestures at you while chanting.
You feel yourself slow down. The bat hits you but does no damage.
You block the orc's attack. The bat hits you but does no damage.
The orc wizard mumbles some strange words.
The orc wizard blinks!
The bat barely misses you. The orc hits you with a mace.
You die...

#................#
#................#
#......o.........####.
#...........r....(....
#...........##o.##....
#..........>.o...w....
#...........rKo.......
######.......o##......
#....#..@.......^
#....#.b......^##
#.....#.......≈≈≈
...............^#
....%............^
###.....#.........
.....###.#..... ##..
.....^#


You could see an orc wizard, 4 orcs, a bat, a kobold and a rat.

Vanquished Creatures
  2 adders
  A dart slug (D:1)
  3 goblins
  3 hobgoblins (D:1)
  6 jackals (D:1)
  A quokka (D:2)
  3 bats
  5 kobolds
  4 rats
28 creatures vanquished.

Notes
Turn   | Place    | Note
-------+----------+-------------------------------------------
     0 | D:1      | yafkata the Hill Orc Fighter began the quest for the Orb.
     0 | D:1      | Reached XP level 1. HP: 19/19 MP: 1/1
   190 | D:1      | Reached XP level 2. HP: 27/27 MP: 2/2
   751 | D:1      | Reached skill level 4 in Fighting
   826 | D:1      | Reached XP level 3. HP: 33/33 MP: 3/3
  1326 | D:2      | You fall through a shaft!
  1652 | D:3      | Slain by an orc

Skill      XL: |  1  2 |
---------------+-------+-----
Axes           | 3 |  3.4
Fighting       | 4 |  4.1
Armour         | |  3.8
Dodging        | |  0.8
Shields        | |  3.5

Action                   || total
-------------------------++-------
Melee: War axe           ||    85
Throw: Stone             ||     1
  Use: Scroll            ||     5
       Potion            ||     2
  Eat: Chunk             ||     2
Armor: Scale mail        ||    45
       Ring mail         ||    18
Dodge: Dodged            ||    50
Block: Shield            ||    61
